 Dungeon Crawl Stone Soup version 0.26.1-11-gd32895ea62 (webtiles) character file.

Game seed: 10818203336020684291

644 buriedalive the Chiller (level 7, -1/36 HPs)
             Began as a Deep Elf Ice Elementalist on May 17, 2021.
             Was a Follower of Ashenzari.
             Slain by a sky beast (6 damage)
             ... on level 5 of the Dungeon.
             The game lasted 00:10:33 (7475 turns).

buriedalive the Chiller (Deep Elf Ice Elementalist) Turns: 7475, Time: 00:10:34

Health: -1/36      AC:  3    Str:  7    XL:     7   Next: 26%
Magic:  25/25      EV: 16    Int: 24    God:    Ashenzari [*.....]
Gold:   278        SH:  0    Dex: 15    Spells: 9/16 levels left

rFire    . . .     SeeInvis .   s - +3 great mace "Fienozxi" {freeze, rPois}
rCold    . . .     Faith    .   (shield currently unavailable)
rNeg     . . .     Spirit   .   a - +0 robe
rPois    +         Reflect  .   i - +0 helmet
rElec    .         Harm     .   (no cloak)
rCorr    .         Rampage  .   (no gloves)
Will     .....                  (no boots)
Stlth    ++........             (no amulet)
HPRegen  0.12/turn              q - ring of magical power (curse)
MPRegen  0.19/turn              o - ring of poison resistance (curse)

@: no status effects
A: blurry vision 1, clever 1, strong 1
a: Renounce Religion, Curse Item, Scrying


You were on level 5 of the Dungeon.
You worshipped Ashenzari.
Ashenzari was aware of your devotion.
You visited 1 branch of the dungeon, and saw 5 of its levels.

You collected 278 gold pieces.

Inventory:

Hand Weapons
 f - a +1 short sword
 s - the +3 great mace "Fienozxi" (weapon) {freeze, rPois}
   (You found it on level 5 of the Dungeon)

   It has been specially enchanted to freeze those struck by it, causing extra
   injury to most foes and up to half again as much damage against particularly
   susceptible opponents.
   It can also slow down cold-blooded creatures.
   It protects you from poison.
Missiles
 b - 195 stones
 n - 13 poisoned darts
Armour
 a - a +0 robe (worn)
 i - a +0 helmet (worn)
 l - a +0 pair of boots
Jewellery
 o - a cursed ring of poison resistance (right hand)
 q - a cursed ring of magical power (left hand)
 r - an uncursed ring of flight
Wands
 t - a wand of random effects (26)
Scrolls
 d - 2 scrolls of identify
 g - a scroll of fear {unknown}
 h - 3 scrolls of teleportation
 m - 5 scrolls of remove curse
 p - 2 scrolls of amnesia {unknown}
Potions
 c - a potion of might
 e - 2 potions of attraction
 j - a potion of resistance


   Skills:
 + Level 6.6 Dodging
 - Level 2.4 Stealth
 - Level 5.0 Spellcasting
 + Level 7.1 Ice Magic


You had 9 spell levels left.
You knew the following spells:

 Your Spells              Type           Power        Failure   Level
a - Freeze                Ice            100%         1%          1
b - Frozen Ramparts       Ice            80%          1%          3
c - Ozocubu's Armour      Ice            40%          1%          3

Your spell library contained the following spells:

 Spells                   Type           Power        Failure   Level
 Hailstorm                Conj/Ice       23%          21%         4
 Summon Ice Beast         Ice/Summ       23%          21%         4


Dungeon Overview and Level Annotations

Branches:
Dungeon (5/15)
 Temple: D:4-7

Altars:
Ashenzari
Hepliaklqana
Kikubaaqudgha
Ru
Xom
Yredelemnul


Innate Abilities, Weirdness & Mutations

Scrolls take you a little longer to read.
Your mind is acute. (Int +2)
Your muscles are strong. (Str +2)


Message History

You barely miss the sky beast.
The sky beast is severely wounded.
The sky beast hits you. The sky beast shocks you.
The sky beast closely misses you.
You barely miss the sky beast.
The sky beast is severely wounded.
The sky beast closely misses you. The sky beast barely misses you.
You closely miss the sky beast.
The sky beast is severely wounded.
The sky beast hits you. The sky beast shocks you.
You closely miss the sky beast.
The sky beast is severely wounded.
The sky beast flickers out of sight!
Deactivating autopickup; reactivate with Ctrl-A.
Something hits you. Something shocks you.
* * * LOW HITPOINT WARNING * * *
Something hits you.
* * * LOW HITPOINT WARNING * * *
Something shocks you.
You die...

##.## #..#
##.## #.##
##.#
#######.##
........#
.....[..##
####....@#
#..##.{#
#..# ##..#
#..# #..#
#... #..#
... ...#
.. ...#
.... .#


There were no monsters in sight!

Vanquished Creatures
  2 sky beasts (D:5)
  A centaur (D:5)
  A hound (D:4)
  2 bullfrog skeletons
  A worker ant (D:4)
  Robin (D:4)
  8 gnolls
  9 adders
  An ooze (D:2)
  2 worms
  5 leopard geckos
  7 orcs
  A ball python (D:3)
  5 giant cockroaches
  13 goblins
  5 hobgoblins
  9 jackals
  A quokka (D:4)
  6 bats
  A jackal skeleton (D:4)
  6 kobolds
  A leopard gecko skeleton (D:4)
  5 rats
93 creatures vanquished.

Vanquished Creatures (others)
  9 plants (D:4)
  2 withered plants (D:4)
11 creatures vanquished.

Grand Total: 104 creatures vanquished

Notes
Turn   | Place    | Note
-------+----------+-------------------------------------------
     0 | D:1      | buriedalive the Deep Elf Ice Elementalist began the quest
                  | for the Orb.
     0 | D:1      | Reached XP level 1. HP: 10/10 MP: 6/6
   540 | D:1      | Reached XP level 2. HP: 15/15 MP: 6/8
  1955 | D:2      | Reached XP level 3. HP: 19/19 MP: 7/10
  2504 | D:2      | Found a basalt altar of Yredelemnul.
  2529 | D:2      | Reached skill level 5 in Ice Magic
  2854 | D:2      | Found a sacrificial altar of Ru.
  2854 | D:2      | Found a broken altar of Ashenzari.
  2862 | D:2      | Became a worshipper of Ashenzari the Shackled
  3202 | D:3      | Learned a level 3 spell: Frozen Ramparts
  3240 | D:3      | Reached XP level 4. HP: 19/24 MP: 12/12
  3343 | D:3      | Found a shimmering altar of Xom.
  3344 | D:3      | Found a shimmering altar of Xom.
  3463 | D:3      | Found a shimmering altar of Xom.
  3464 | D:3      | Found a shimmering altar of Xom.
  3466 | D:3      | Found a shimmering altar of Xom.
  3467 | D:3      | Found a shimmering altar of Xom.
  4183 | D:3      | Reached XP level 5. HP: 23/28 MP: 14/14
  4521 | D:3      | Learned a level 3 spell: Ozocubu's Armour
  4732 | D:4      | Reached skill level 5 in Spellcasting
  4752 | D:4      | Noticed Robin
  4765 | D:4      | Killed Robin
  4834 | D:4      | Found an ancient bone altar of Kikubaaqudgha.
  5047 | D:4      | Reached skill level 5 in Dodging
  5047 | D:4      | Reached XP level 6. HP: 32/32 MP: 15/15
  5205 | D:4      | Reached * piety under Ashenzari
  5293 | D:4      | Reached skill level 6 in Ice Magic
  5476 | D:4      | Found a hazy altar of Hepliaklqana.
  6213 | D:4      | HP: 1/32 [bullfrog skeleton (3)]
  6732 | D:5      | Entered Level 5 of the Dungeon
  6783 | D:5      | Noticed a sky beast
  6791 | D:5      | Killed a sky beast
  6792 | D:5      | Reached XP level 7. HP: 27/36 MP: 16/16
  6871 | D:5      | Got the great mace "Fienozxi" {freeze, rPois}
  6872 | D:5      | Identified the +3 great mace "Fienozxi" {freeze, rPois}
                  | (You found it on level 5 of the Dungeon)
  6931 | D:5      | Gained mutation: Scrolls take you a little longer to read.
                  | [potion of mutation]
  6931 | D:5      | Gained mutation: Your mind is acute. (Int +2) [potion of
                  | mutation]
  6931 | D:5      | Gained mutation: Your muscles are strong. (Str +2) [potion
                  | of mutation]
  6937 | D:5      | Reached skill level 7 in Ice Magic
  7475 | D:5      | Slain by a sky beast

Illustrated notes

Levels and vault maps discovered:
D:1:      dpeg_arrival_boxes_within_box, layout_basic, chequers_avenue
D:2:      layout_loops_corners, nicolae_overflow_hidden_temple,
          gammafunk_temple_overflow_wave
D:3:      layout_loops_ring, kennysheep_cluttered_room, xom_redecorated
D:4:      wad_lake_hut, layout_cave_pools, nzn_hepliaklqana_mist_gate,
          kiku_gazebo_garden_becter, uniq_robin
D:5:      layout_cave_pods, good_gods_mini_temple, serial_shops,
          nicolae_shop_overgrown_old_shop

Skill      XL: |  1  2  3  4  5  6  7 |
---------------+----------------------+-----
Dodging        | 3 4 5 6 |  6.6
Spellcasting   | 4 5 |  5.0
Ice Magic      | 5 6 7 |  7.1
Stealth        | |  2.4

Action                   |  1- 3 |  4- 6 |  7- 9 || total
-------------------------+-------+-------+-------++-------
Melee: Short sword       |    33 |    76 |       ||   109
       Unarmed           |     5 |       |       ||     5
       Great mace        |       |       |    11 ||    11
 Cast: Freeze            |    37 |    62 |     5 ||   104
       Frozen Ramparts   |       |     7 |     1 ||     8
       Ozocubu's Armour  |       |     4 |     1 ||     5
Invok: Curse Item        |     2 |       |       ||     2
  Use: Scroll            |     3 |     2 |       ||     5
       Potion            |       |       |     3 ||     3
 Stab: Sleeping          |     5 |     6 |     1 ||    12
Armor: Robe              |    11 |    24 |     5 ||    40
Dodge: Dodged            |    48 |    94 |    13 ||   155
